 Dungeon Crawl Stone Soup version 0.18-a0-739-gdae9da8 (webtiles) character file.

35 M4edhros the Charlatan (level 3, -4/23 HPs)
             Began as an Octopode Artificer on Dec 10, 2015.
             Slain by a gnoll
             ... wielding a +0 club
              (8 damage)
             ... on level 3 of the Dungeon.
             The game lasted 00:00:51 (763 turns).

M4edhros the Charlatan (Octopode Artificer)          Turns: 763, Time: 00:00:51

Health: -4/23      AC:  1    Str: 10    XL:     3   Next: 33%
Magic:  6/6        EV: 12    Int: 15    God:
Gold:   19         SH:  0    Dex: 12    Spells: 0 memorised, 2 levels left

rFire  . . .     SeeInvis .     a - +0 short sword
rCold  . . .     Clarity  .     (no shield)
rNeg   . . .     SustAt   .     (helmet restricted)
rPois  .         Gourm    .     (no amulet)
rElec  .         Spirit   .     (no ring)
rCorr  .         Dismiss  .     (no ring)
rMut   .         Stasis   .     (no ring)
MR     .....                    (no ring)
Stlth  +++.......               (no ring)
                                (no ring)
                                (no ring)
                                (no ring)

@: not resistant to hostile enchantments, fairly stealthy
A: almost no armour, amphibious, 8 rings, constrict 8, camouflage 1, gelatinous
body 1
a: no special abilities


You were on level 3 of the Dungeon.
You were not hungry.

You visited 1 branch of the dungeon, and saw 3 of its levels.

You collected 19 gold pieces.

Inventory:

Hand Weapons
 a - a +0 short sword (weapon)
Missiles
 j - 8 stones (quivered)
Wands
 b - a wand of flame (14)
 c - a wand of enslavement (14)
 d - a wand of random effects (15)
Scrolls
 f - a scroll of magic mapping {unknown}
 g - 4 scrolls of identify {unknown}
 h - a scroll of teleportation {unknown}
 i - a scroll of noise {unknown}
Comestibles
 e - a bread ration


   Skills:
 - Level 1.0 Fighting
 - Level 1.0 Short Blades
 - Level 2.0 Dodging
 + Level 3.3 Stealth
 + Level 4.1 Evocations


You had 2 spell levels left.
You didn't know any spells.

Dungeon Overview and Level Annotations

Branches:
Dungeon (3/15)

Altars:
Cheibriados
Elyvilon
Vehumet


Innate Abilities, Weirdness & Mutations

You cannot wear most types of armour.
You are amphibious.
You can wear up to eight rings at the same time.
You can use your tentacles to constrict eight enemies at once.
Your skin changes colour to match your surroundings (Stealth).
Your rubbery body absorbs attacks (AC +1).


Message History

* * * LOW HITPOINT WARNING * * *
Evoke which item? (* to show all) (? for menu, Esc to quit)
Zapping:
c - a wand of enslavement (15)
Press: ? - help, Shift-Dir - straight line, f - gnoll
Aim: a gnoll (heavily wounded, chance to defeat MR: 63%)
The gnoll is charmed.
This wand has 14 charges left.
What do you say? t - Shout!
Orders for allies: a - Attack new target. p - Attack previous target. r - Retreat! s - Stop attacking. w - Wait here. f - Follow me.
Anything else - Stay silent.
Wait here!
You hear a shout! x3
Your gnoll barely misses the gnoll.
A goblin and a gnoll come into view.
You swap places.
A quokka, a gnoll and a gnoll sergeant come into view.
The gnoll hits you with a club!
You die...

## .# #.# ..#
######.#
#...g@:#
#.####g# #.#
g.# #####.#
..rg #.....#
..... #.#####
.g.### #.#
.... #.#
.####
#######.###.#


You could see a gnoll sergeant (wandering), 2 gnolls, a quokka, a goblin and a
friendly gnoll.

Vanquished Creatures
  An adder (D:2)
  2 oozes (D:2)
  4 hobgoblins
  3 jackals (D:2)
  2 bats (D:1)
  A goblin (D:2)
  2 kobolds (D:2)
  2 rats
17 creatures vanquished.

Notes
Turn   | Place    | Note
--------------------------------------------------------------
     0 | D:1      | M4edhros the Octopode Artificer began the quest for the Orb.
     0 | D:1      | Reached XP level 1. HP: 13/13 MP: 3/3
   266 | D:2      | Found a radiant altar of Vehumet.
   269 | D:2      | Reached XP level 2. HP: 15/18 MP: 4/4
   478 | D:2      | Reached skill level 4 in Evocations
   478 | D:2      | Reached XP level 3. HP: 14/23 MP: 4/6
   555 | D:2      | Found a snail-covered altar of Cheibriados.
   562 | D:2      | Found a white marble altar of Elyvilon.
   763 | D:3      | Noticed a gnoll sergeant
   763 | D:3      | Slain by a gnoll

Vault maps used:
D:1:      minmay_arrival_doors
D:2:      minitemple, vehumet_crystals, gammafunk_temple_overflow_statue,
          minmay_snake_closets, uniq_iyjb
D:3:      lemuel_doored_altar, gammafunk_temple_overflow_forgotten

Action                   || total
-------------------------++-------
Melee: Short sword       ||    36
Evoke: Wand              ||     2
 Stab: Sleeping          ||     5
